 Dungeon Crawl Stone Soup version 0.14-a0-586-g2535b90 (webtiles) character file.

1956 PolkaDot the Sculptor of Flesh (level 8, 0/75 HPs)
             Began as a Troll Death Knight on Nov 4, 2013.
             Was an Elder of Yredelemnul.
             Killed from afar by a crimson imp (19 damage)
             ... with a wand of cold
             ... on Level 6 of the Dungeon.
             The game lasted 00:14:20 (3886 turns).

PolkaDot the Sculptor of Flesh (Troll Death Knight) Turns: 3886, Time: 00:14:20

HP   0/75        AC  8     Str 22      XL: 8   Next: 77%
MP  15/15        EV  9     Int  7      God: Yredelemnul [****..]
Gold 210         SH  0     Dex  9 (11) Spells:  0 memorised,  7 levels left

Res.Fire  : . . .   See Invis. : .     - Unarmed
Res.Cold  : . . .   Warding    : .   b - +0 robe
Life Prot.: . . .   Conserve   : .   (shield restricted)
Res.Poison: .       Res.Corr.  : .   (helmet restricted)
Res.Elec. : .       Clarity    : .   o - +2 elf cloak
Sust.Abil.: . .     Spirit.Shd : .   (gloves unavailable)
Res.Mut.  : .       Stasis     : .   (boots unavailable)
Res.Rott. : .       Flight     : .   (no amulet)
Gourmand  : +                        (no ring)
                                     E - ring of wizardry

@: slightly resistant to hostile enchantments, unstealthy
A: unfitting armour, claws 3, fast metabolism 3, gourmand, regeneration 2,
saprovore 2, tough skin 2, AC +1
a: Animate Dead, Recall Undead Slaves, Injury Mirror, Drain Life, Renounce
Religion


You were on level 6 of the Dungeon.
You worshipped Yredelemnul.
Yredelemnul was greatly pleased with you.
You were completely stuffed.

You visited 1 branch of the dungeon, and saw 6 of its levels.

You collected 300 gold pieces.
You spent 90 gold pieces at shops.

Inventory:

Armour
 b - a +0 robe (worn)
 o - a +2 elven cloak (worn)
Magical devices
 y - a wand of confusion (16)
 M - a wand of fire (3)
Comestibles
 a - 2 meat rations
 g - 2 oranges
 j - a pear
 u - a slice of pizza
 w - a honeycomb
 A - 3 bread rations
 H - a banana
 K - a chunk of rat flesh
 P - a rotting chunk of gnoll flesh
 R - 4 rotting chunks of gnoll flesh
 T - a chunk of giant gecko flesh
Scrolls
 c - 6 scrolls of teleportation {unknown}
 d - 2 scrolls of fog
 e - 2 scrolls of fear {unknown}
 f - a scroll of enchant armour {unknown}
 i - 8 scrolls of remove curse {unknown}
 m - 3 scrolls of enchant weapon I {unknown}
 n - 2 scrolls of noise {unknown}
 q - a scroll of recharging {unknown}
 t - 4 scrolls of curse armour {unknown}
 x - 2 scrolls of curse jewellery {unknown}
 G - a scroll of enchant weapon II {unknown}
 I - 3 scrolls of identify
 J - a scroll of blinking
Jewellery
 E - a ring of wizardry (left claw)
Potions
 k - 2 potions of invisibility
 p - a potion of resistance
 r - 2 potions of heal wounds
 s - a potion of mutation
 v - a potion of curing
 C - a potion of magic {unknown}
 D - a potion of speed {unknown}
 F - a potion of agility {unknown}


   Skills:
 - Level 3.2 Fighting
 - Level 1.2 Dodging
 * Level 6.4 Unarmed Combat
 + Level 8.4 Invocations


You had 7 spell levels left.
You didn't know any spells.

Dungeon Overview and Level Annotations

Branches:
Dungeon (6/27)
 Temple: D:4-7          Orc: D:6-11

Altars:
Cheibriados

Shops:
D:4 ?


Innate Abilities, Weirdness & Mutations

You are too large for most types of armour.
You have claws for hands.
Your metabolism is lightning-fast.
You like to eat raw meat.
You heal very quickly.
You can eat rotten meat.
You are covered in fur (AC +1).
You have very tough skin (AC +2).


Message History

You closely miss the crimson imp. The crimson imp hits you.
You claw the crimson imp!
The crimson imp is heavily wounded.
The crimson imp zaps a wand.
The bolt of cold misses you.
You hit the crimson imp but do no damage.
The crimson imp is heavily wounded.
The crimson imp hits you but does no damage.
You closely miss the crimson imp.
The crimson imp is heavily wounded.
The crimson imp zaps a wand.
The bolt of cold hits you!
* * * LOW HITPOINT WARNING * * *
You are too injured to fight recklessly!
You are too injured to fight recklessly!
You are too injured to fight recklessly!
You are too injured to fight recklessly!
You hit the crimson imp.
The crimson imp is severely wounded.
The crimson imp zaps a wand.
The bolt of cold hits you!
You die...
Your body rises from the dead as a mindless zombie.

#..# #...#. #..# #...#.
. #..# #...#. ... #..#
#...## ....#####..#
#..... ..........#
#...## #.......# #...#
#.%B....########...#
#..5@..............#
s...'..................#
####..........).).....#
.....................#
........................
#######################


You could see a goliath beetle, a scorpion (wandering) and a crimson imp.

Vanquished Creatures
  3 ice beasts
  A necrophage (D:6)
  An ogre (D:6)
  A giant frog (D:6)
  An agate snail (D:4)
  A gnoll sergeant (D:6)
  4 wights (D:6)
  3 crimson imps (D:5)
  2 hounds
  3 orc wizards
  A centaur skeleton (D:4)
  A scorpion (D:5)
  2 iguanas (D:5)
  2 gnoll shamans (D:6)
  2 worker ants
  6 adders
  28 gnolls
  A giant mite (D:1)
  4 worms
  An adder skeleton (D:4)
  2 oozes (D:1)
  17 orcs
  6 bats
  11 hobgoblins
  10 jackals
  A ball python (D:1)
  4 giant cockroaches
  6 giant geckos
  A gnoll zombie (D:5)
  8 goblins
  8 kobolds
  A kobold skeleton (D:6)
  An orc zombie (D:5)
  5 rats
149 creatures vanquished.

Notes
Turn   | Place    | Note
--------------------------------------------------------------
     0 | D:1      | PolkaDot, the Troll Death Knight, began the quest for the Orb.
     0 | D:1      | Reached XP level 1. HP: 20/20 MP: 2/2
   263 | D:1      | Reached XP level 2. HP: 28/28 MP: 2/2
   750 | D:2      | Reached skill level 3 in Unarmed Combat
   792 | D:2      | Reached XP level 3. HP: 31/35 MP: 4/4
   924 | D:2      | Reached XP level 4. HP: 17/44 MP: 4/4
  1108 | D:2      | Reached skill level 4 in Unarmed Combat
  1110 | D:2      | Acquired Yredelemnul's second power
  1671 | D:3      | Reached XP level 5. HP: 44/50 MP: 5/5
  1858 | D:4      | Found Kiula's Magic Scroll Emporium.
  1869 | D:4      | Bought a scroll of identify for 24 gold pieces
  1869 | D:4      | Bought a scroll of blinking for 66 gold pieces
  1937 | D:4      | Reached skill level 5 in Unarmed Combat
  2044 | D:4      | Reached XP level 6. HP: 36/59 MP: 6/6
  2477 | D:4      | Found a snail-covered altar of Cheibriados.
  2580 | D:5      | Entered Level 5 of the Dungeon
  2738 | D:5      | Acquired Yredelemnul's third power
  2917 | D:5      | Reached XP level 7. HP: 60/66 MP: 9/9
  2988 | D:5      | Reached skill level 5 in Invocations
  3359 | D:6      | Reached skill level 6 in Invocations
  3386 | D:6      | Reached XP level 8. HP: 31/75 MP: 12/12
  3477 | D:6      | Reached skill level 7 in Invocations
  3707 | D:6      | Acquired Yredelemnul's fourth power
  3707 | D:6      | Reached skill level 8 in Invocations
  3707 | D:6      | Received a gift from Yredelemnul
  3886 | D:6      | Killed from afar by a crimson imp

Action                   |  1- 3 |  4- 6 |  7- 9 || total
-------------------------+-------+-------+-------++-------
Melee: Unarmed           |    83 |   228 |   232 ||   543
Evoke: Wand              |       |     2 |       ||     2
  Use: Scroll            |       |     7 |       ||     7
       Potion            |       |     2 |     4 ||     6
 Stab: Confused          |       |     1 |       ||     1
